TOP OF THE 1ST |
Rome Braves batting - Pitching for Eugene Emeralds : RHP Mike Reusch
|
Pitching: RHP Mike Reusch
|
|
Batting: RHB Nate Taylor
|
0-0: Called Strike 0-1: SINGLE (Groundball, 6MD, EV 103.1 MPH)
|
Batting: RHB Chris Trites
|
0-0: Ball Nate Taylor steals 2nd base (no throw) 1-0: Ball 2-0: Called Strike 2-1: Foul Ball, location: 2F 2-2: Fly out, F7 (Flyball, 78M, EV 89.4 MPH)
|
Batting: LHB Tamaichi Sasada
|
0-0: Called Strike 0-1: Foul Ball, location: 2F 0-2: Fly out, F7 (Flyball, 7S, EV 80.6 MPH)
|
Batting: LHB Cesar Arteaga
|
0-0: Called Strike 0-1: Ground out 3-1 (Groundball, 34, EV 101.9 MPH)
|
Top of the 1st over - 0 runs, 1 hit, 0 errors, 1 left on base; Rome 0 - Eugene 0 |
BOTTOM OF THE 1ST |
Eugene Emeralds batting - Pitching for Rome Braves : RHP Chris Hawkins
|
Pitching: RHP Chris Hawkins
|
|
Batting: RHB Du Kim
|
0-0: Ball 1-0: Swinging Strike 1-1: Ball 2-1: Foul Ball, location: 2F 2-2: Ball 3-2: Foul Ball, location: 2F 3-2: Ground out 6-3 (Groundball, 6, EV 104.4 MPH)
|
Batting: RHB Ricky Ramirez
|
0-0: Ball 1-0: Fly out, F8 (Flyball, 78M, EV 82.5 MPH)
|
Batting: LHB Wing-tat Tai
|
0-0: Ground out 4-3 (Groundball, 4, EV 83.1 MPH)
|
Bottom of the 1st over - 0 runs, 0 hits, 0 errors, 0 left on base; Rome 0 - Eugene 0 |
TOP OF THE 2ND |
Rome Braves batting - Pitching for Eugene Emeralds : RHP Mike Reusch
|
Batting: LHB Ricardo Sandoval
|
0-0: Called Strike 0-1: Ground out 4-3 (Groundball, 4, EV 81.9 MPH)
|
Batting: RHB Gebre-Giorgios Wangondu
|
0-0: Swinging Strike 0-1: Ground out 4-3 (Groundball, 4, EV 89.4 MPH)
|
Batting: RHB Gerard Michel
|
0-0: Ball 1-0: Ball 2-0: Ball 3-0: Called Strike 3-1: Base on Balls
|
Batting: LHB Andres Aldape
|
0-0: Ball 1-0: Called Strike 1-1: Ball 2-1: Ball 3-1: Ground out 4-3 (Groundball, 4, EV 82.5 MPH)
|
Top of the 2nd over - 0 runs, 0 hits, 0 errors, 1 left on base; Rome 0 - Eugene 0 |
BOTTOM OF THE 2ND |
Eugene Emeralds batting - Pitching for Rome Braves : RHP Chris Hawkins
|
Batting: RHB Mike Hill
|
0-0: Called Strike 0-1: Foul Ball, location: 2F 0-2: Ball 1-2: Ball 2-2: Ball 3-2: SINGLE (Groundball, 56D, EV 94.4 MPH)
|
Batting: RHB Bill Holmes
|
0-0: Ball 1-0: Called Strike 1-1: SINGLE (Groundball, 4MD, EV 98.8 MPH) Mike Hill to second
|
Batting: RHB Jorge Lagunas
|
0-0: Called Strike 0-1: Fielders Choice at 2nd, 6-4 (Groundball, 6S, EV 81.2 MPH) Mike Hill to third
|
Batting: RHB Dave de Wolff
|
0-0: Called Strike 0-1: Foul Ball, location: 2F 0-2: Ball 1-2: Ball 2-2: DOUBLE (Line Drive, 78D, EV 105.6 MPH) Mike Hill scores Jorge Lagunas to third
|
Batting: RHB David Bousfield
|
0-0: Ball 1-0: Ball 2-0: Foul Ball, location: 2F 2-1: Foul Ball, location: 2F 2-2: Ball 3-2: Strikes out looking
|
Batting: RHB Dan Orozco
|
0-0: Ball Wild Pitch! Jorge Lagunas scores Dave de Wolff to third 1-0: Ball 2-0: Called Strike 2-1: Foul Ball, location: 2F 2-2: Strikes out swinging
|
Bottom of the 2nd over - 2 runs, 3 hits, 0 errors, 1 left on base; Rome 0 - Eugene 2 |
TOP OF THE 3RD |
Rome Braves batting - Pitching for Eugene Emeralds : RHP Mike Reusch
|
Batting: RHB Alex Campos
|
0-0: Ball 1-0: Ground out 5-3 (Groundball, 56S, EV 82.5 MPH)
|
Batting: RHB Nate Taylor
|
0-0: Swinging Strike 0-1: Fly out, F8 (Flyball, 89M, EV 74.4 MPH)
|
Batting: RHB Chris Trites
|
0-0: Ball 1-0: Ball 2-0: Called Strike 2-1: Swinging Strike 2-2: Ball 3-2: Strikes out swinging
|
Top of the 3rd over - 0 runs, 0 hits, 0 errors, 0 left on base; Rome 0 - Eugene 2 |
BOTTOM OF THE 3RD |
Eugene Emeralds batting - Pitching for Rome Braves : RHP Chris Hawkins
|
Batting: RHB Du Kim
|
0-0: Ball 1-0: Ball 2-0: Ball 3-0: Called Strike 3-1: Base on Balls
|
Batting: RHB Ricky Ramirez
|
0-0: Ball 1-0: Ball 2-0: Foul Ball, location: 2F 2-1: Ball 3-1: Called Strike 3-2: Foul Ball, location: 2F 3-2: Base on Balls Du Kim to second
|
Batting: LHB Wing-tat Tai
|
0-0: Ball 1-0: Foul Ball, location: 2F 1-1: Foul Ball, location: 2F 1-2: Ball 2-2: Fielders Choice at 2nd, 6-4 (Groundball, 56D, EV 91.2 MPH) Du Kim to third
|
Batting: RHB Mike Hill
|
0-0: Foul Ball, location: 2F 0-1: Ball 1-1: Foul Ball, location: 2F 1-2: Foul Ball, location: 2F 1-2: Strikes out swinging
|
Batting: RHB Bill Holmes
|
0-0: Called Strike 0-1: Ball 1-1: Called Strike 1-2: Strikes out looking
|
Bottom of the 3rd over - 0 runs, 0 hits, 0 errors, 2 left on base; Rome 0 - Eugene 2 |
TOP OF THE 4TH |
Rome Braves batting - Pitching for Eugene Emeralds : RHP Mike Reusch
|
Batting: LHB Tamaichi Sasada
|
0-0: Called Strike 0-1: Ball 1-1: Called Strike 1-2: Ground out 6-3 (Groundball, 6MD, EV 85.6 MPH)
|
Batting: LHB Cesar Arteaga
|
0-0: Called Strike 0-1: Ball 1-1: Swinging Strike 1-2: Ball 2-2: Strikes out swinging
|
Batting: LHB Ricardo Sandoval
|
0-0: Ball 1-0: Ball 2-0: Swinging Strike 2-1: Called Strike 2-2: Ball 3-2: Base on Balls
|
Batting: RHB Gebre-Giorgios Wangondu
|
0-0: Ball 1-0: Ball Ricardo Sandoval steals 2nd base (no throw) 2-0: DOUBLE (Groundball, 5L, EV 110.0 MPH) Ricardo Sandoval scores
|
Batting: RHB Gerard Michel
|
0-0: Called Strike 0-1: Ball 1-1: SINGLE (Groundball, 6D, EV 98.8 MPH) Gebre-Giorgios Wangondu to third Runner from 3rd tries for Home, SAFE, throw by CF to home Gerard Michel to second
|
Batting: LHB Andres Aldape
|
0-0: Called Strike 0-1: SINGLE (Groundball, 34, EV 105.6 MPH) Gerard Michel to third Runner from 3rd tries for Home, SAFE, throw by RF to home Andres Aldape to second
|
Batting: RHB Alex Campos
|
0-0: Ball 1-0: Swinging Strike 1-1: Called Strike 1-2: Fly out, F8 (Flyball, 89D, EV 85.6 MPH)
|
Top of the 4th over - 3 runs, 3 hits, 0 errors, 1 left on base; Rome 3 - Eugene 2 |
BOTTOM OF THE 4TH |
Eugene Emeralds batting - Pitching for Rome Braves : RHP Chris Hawkins
|
Batting: RHB Jorge Lagunas
|
0-0: Called Strike 0-1: Ball 1-1: Called Strike 1-2: Ball 2-2: Ball 3-2: Foul Ball, location: 2F 3-2: Foul Ball, location: 2F 3-2: SINGLE (Groundball, 4MD, EV 110.0 MPH)
|
Batting: RHB Dave de Wolff
|
0-0: Ball 1-0: Ball 2-0: Ball 3-0: Called Strike 3-1: Called Strike 3-2: Foul Ball, location: 2F 3-2: Strikes out swinging
|
Batting: RHB David Bousfield
|
0-0: Called Strike 0-1: Swinging Strike 0-2: Foul Ball, location: 2F 0-2: Ball 1-2: Foul Ball, location: 2F 1-2: Ball 2-2: Foul Ball, location: 2F 2-2: Strikes out swinging
|
Batting: RHB Dan Orozco
|
0-0: Ground out 4-3 (Groundball, 34, EV 101.2 MPH)
|
Bottom of the 4th over - 0 runs, 1 hit, 0 errors, 1 left on base; Rome 3 - Eugene 2 |
TOP OF THE 5TH |
Rome Braves batting - Pitching for Eugene Emeralds : RHP Mike Reusch
|
DELAY
|
Rain delay of 14 minutes in the 5th inning.
|
Batting: RHB Nate Taylor
|
0-0: Ball 1-0: Ball 2-0: Ball 3-0: Base on Balls
|
Batting: RHB Chris Trites
|
Pickoff Throw to First - Out! 1-3 CS 0-0: SINGLE (Line Drive, 78S, EV 101.2 MPH)
|
Batting: LHB Tamaichi Sasada
|
0-0: Called Strike Chris Trites steals 2nd base 0-1: Foul Ball, location: 2F 0-2: Ball 1-2: Strikes out swinging
|
Batting: LHB Cesar Arteaga
|
0-0: Swinging Strike 0-1: Ball 1-1: Foul Ball, location: 2F 1-2: Ball 2-2: DOUBLE (Line Drive, 7LM, EV 106.2 MPH) Chris Trites scores
|
Pitching: LHP Wilhelm Myers
|
|
Batting: LHB Ricardo Sandoval
|
0-0: Called Strike 0-1: Ball 1-1: TRIPLE (Groundball, 3L, EV 103.8 MPH) Cesar Arteaga scores
|
Batting: RHB Gebre-Giorgios Wangondu
|
0-0: Ball 1-0: Foul Ball, location: 2F 1-1: Ball 2-1: Ground out 6-3 (Groundball, P, EV 90.6 MPH)
|
Top of the 5th over - 2 runs, 3 hits, 0 errors, 1 left on base; Rome 5 - Eugene 2 |
BOTTOM OF THE 5TH |
Eugene Emeralds batting - Pitching for Rome Braves : RHP Chris Hawkins
|
Batting: RHB Du Kim
|
0-0: Ball 1-0: Foul Ball, location: 2F 1-1: Swinging Strike 1-2: Foul Ball, location: 2F 1-2: Ground out 6-3 (Groundball, 6, EV 103.1 MPH)
|
Pitching: RHP Andy Britton
|
|
Batting: RHB Ricky Ramirez
|
0-0: Called Strike 0-1: Foul Ball, location: 2F 0-2: Strikes out swinging
|
Batting: LHB Wing-tat Tai
|
0-0: Ball 1-0: Called Strike 1-1: Ball 2-1: Ball 3-1: Base on Balls
|
Batting: RHB Mike Hill
|
Pickoff Throw to First - Out! 1-3 CS
|
Bottom of the 5th over - 0 runs, 0 hits, 0 errors, 0 left on base; Rome 5 - Eugene 2 |
TOP OF THE 6TH |
Rome Braves batting - Pitching for Eugene Emeralds : LHP Wilhelm Myers
|
Batting: RHB Gerard Michel
|
0-0: Ground out 4-3 (Groundball, 4S, EV 93.8 MPH)
|
Batting: LHB Andres Aldape
|
0-0: Ball 1-0: Ball 2-0: Swinging Strike 2-1: Ball 3-1: Called Strike 3-2: Base on Balls
|
Batting: RHB Alex Campos
|
0-0: Called Strike 0-1: Ball 1-1: Foul Ball, location: 2F 1-2: Ball 2-2: Ball 3-2: Foul Ball, location: 2F 3-2: Strikes out looking
|
Batting: RHB Nate Taylor
|
0-0: Ball 1-0: Ball 2-0: Called Strike 2-1: Ball 3-1: Base on Balls Andres Aldape to second
|
Batting: RHB Chris Trites
|
0-0: Ball 1-0: Ball 2-0: Ball 3-0: Base on Balls Andres Aldape to third Nate Taylor to second
|
Batting: LHB Tamaichi Sasada
|
0-0: Foul Ball, location: 2F 0-1: Ground out U3 (Groundball, 23, EV 75.6 MPH)
|
Top of the 6th over - 0 runs, 0 hits, 0 errors, 3 left on base; Rome 5 - Eugene 2 |
BOTTOM OF THE 6TH |
Eugene Emeralds batting - Pitching for Rome Braves : RHP Andy Britton
|
Batting: RHB Mike Hill
|
0-0: Ball 1-0: Ball 2-0: Ball 3-0: Called Strike 3-1: Base on Balls
|
Batting: RHB Bill Holmes
|
0-0: Ball 1-0: Grounds into double play, 6-4-3 (Groundball, 6, EV 103.1 MPH)
|
Batting: RHB Jorge Lagunas
|
0-0: Foul Ball, location: 2F 0-1: Fly out, F9 (Flyball, 9LM, EV 104.4 MPH)
|
Bottom of the 6th over - 0 runs, 0 hits, 0 errors, 0 left on base; Rome 5 - Eugene 2 |
TOP OF THE 7TH |
Rome Braves batting - Pitching for Eugene Emeralds : LHP Wilhelm Myers
|
Batting: LHB Cesar Arteaga
|
0-0: Called Strike 0-1: Ball 1-1: Ball 2-1: Foul Ball, location: 2F 2-2: SINGLE (Flyball, 3D, EV 93.1 MPH)
|
Batting: LHB Ricardo Sandoval
|
0-0: Called Strike 0-1: Ball 1-1: Swinging Strike 1-2: Ball Balk! Cesar Arteaga to second 2-2: Ball 3-2: Ground out 6-3 (Groundball, 4M, EV 86.2 MPH) Cesar Arteaga to third
|
Batting: RHB Gebre-Giorgios Wangondu
|
0-0: Foul Ball, location: 2F 0-1: Foul Ball, location: 2F 0-2: Ball 1-2: Ground out 4-3 (Groundball, 34, EV 91.9 MPH) Cesar Arteaga scores
|
Batting: RHB Gerard Michel
|
0-0: Ball 1-0: Ball 2-0: Ball 3-0: Base on Balls
|
Batting: LHB Andres Aldape
|
0-0: Ball 1-0: Called Strike 1-1: Ball 2-1: Called Strike 2-2: Ball 3-2: Base on Balls Gerard Michel to second
|
Batting: RHB Alex Campos
|
0-0: Called Strike 0-1: Ball 1-1: SINGLE (Groundball, 34D, EV 101.2 MPH) Gerard Michel to third Andres Aldape to second
|
Pitching: RHP Victor de Leon
|
|
Batting: RHB Nate Taylor
|
0-0: Ball 1-0: Foul Ball, location: 2F 1-1: Ball 2-1: Swinging Strike 2-2: Fielders Choice at 2nd, U4 (Groundball, 4M, EV 78.1 MPH)
|
Top of the 7th over - 1 run, 2 hits, 0 errors, 3 left on base; Rome 6 - Eugene 2 |
BOTTOM OF THE 7TH |
Eugene Emeralds batting - Pitching for Rome Braves : RHP Andy Britton
|
Batting: RHB Dave de Wolff
|
0-0: Foul Ball, location: 2F 0-1: Ball 1-1: Ball 2-1: Foul Ball, location: 2F 2-2: Strikes out swinging
|
Batting: RHB David Bousfield
|
0-0: Swinging Strike 0-1: Ball 1-1: Called Strike 1-2: Ball 2-2: Strikes out looking
|
Batting: RHB Dan Orozco
|
0-0: Ground out 6-3 (Groundball, 6, EV 86.9 MPH)
|
Bottom of the 7th over - 0 runs, 0 hits, 0 errors, 0 left on base; Rome 6 - Eugene 2 |
TOP OF THE 8TH |
Rome Braves batting - Pitching for Eugene Emeralds : RHP Victor de Leon
|
Batting: RHB Chris Trites
|
0-0: Ground out 6-3 (Groundball, 56, EV 85.6 MPH)
|
Batting: LHB Tamaichi Sasada
|
0-0: Ball 1-0: SINGLE (Line Drive, 78S, EV 88.8 MPH)
|
Batting: LHB Cesar Arteaga
|
0-0: Swinging Strike 0-1: Ball 1-1: Ball 2-1: Ball 3-1: Foul Ball, location: 2F 3-2: Strikes out swinging
|
Batting: LHB Ricardo Sandoval
|
0-0: Ball Tamaichi Sasada steals 2nd base 1-0: Foul Ball, location: 2F 1-1: Ball 2-1: Ball 3-1: Foul Ball, location: 2F 3-2: Foul Ball, location: 2F 3-2: Foul Ball, location: 2F 3-2: Foul Ball, location: 2F 3-2: Foul Ball, location: 2F 3-2: Foul Ball, location: 2F 3-2: Foul Ball, location: 2F 3-2: Base on Balls
|
Pitching: RHP Francisco Landin
|
|
Batting: RHB Gebre-Giorgios Wangondu
|
0-0: Called Strike 0-1: Foul Ball, location: 2F 0-2: Fly out, F8 (Line Drive, 89D, EV 101.9 MPH)
|
Top of the 8th over - 0 runs, 1 hit, 0 errors, 2 left on base; Rome 6 - Eugene 2 |
BOTTOM OF THE 8TH |
Eugene Emeralds batting - Pitching for Rome Braves : RHP Andy Britton
|
Batting: RHB Du Kim
|
0-0: Ball 1-0: Called Strike 1-1: Ball 2-1: Ball 3-1: Base on Balls
|
Pitching: RHP Wami Benthami
|
|
Batting: RHB Ricky Ramirez
|
0-0: Fly out, F9 (Flyball, 9LMF, EV 86.2 MPH)
|
Batting: LHB Wing-tat Tai
|
0-0: Ball 1-0: Ball 2-0: Foul Ball, location: 2F 2-1: Foul Ball, location: 2F 2-2: Fly out, F8 (Line Drive, 8RM, EV 91.9 MPH)
|
Batting: RHB Mike Hill
|
0-0: Swinging Strike 0-1: Ball 1-1: Called Strike 1-2: Foul Ball, location: 2F 1-2: Foul Ball, location: 2F 1-2: Ball 2-2: Ball 3-2: Foul Ball, location: 2F 3-2: SINGLE (Flyball, 89S, EV 87.5 MPH) Du Kim to second Du Kim to third
|
Batting: RHB Bill Holmes
|
0-0: Ball 1-0: Called Strike 1-1: Swinging Strike 1-2: Foul Ball, location: 2F 1-2: Fielders Choice at 2nd, 5-4 (Groundball, 56, EV 93.1 MPH)
|
Bottom of the 8th over - 0 runs, 1 hit, 0 errors, 2 left on base; Rome 6 - Eugene 2 |
TOP OF THE 9TH |
Rome Braves batting - Pitching for Eugene Emeralds : RHP Francisco Landin
|
Batting: RHB Gerard Michel
|
0-0: Called Strike 0-1: Ball 1-1: Foul Ball, location: 2F 1-2: Ball 2-2: SOLO HOME RUN (Flyball, 7D, EV 97.5 MPH), Distance : 371 ft
|
Batting: LHB Andres Aldape
|
0-0: Called Strike 0-1: Ball 1-1: Ball 2-1: Ball 3-1: Foul Ball, location: 2F 3-2: Base on Balls
|
Batting: RHB Alex Campos
|
0-0: Called Strike 0-1: Ball 1-1: Ball 2-1: Ball 3-1: Fly out, F9 (Line Drive, 9S, EV 90.6 MPH)
|
Pitching: RHP Reginald Bamber
|
|
Batting: RHB Nate Taylor
|
0-0: Ball 1-0: Ball 2-0: Swinging Strike 2-1: Swinging Strike 2-2: Ball 3-2: Foul Ball, location: 2F 3-2: Strikes out swinging
|
Batting: RHB Chris Trites
|
0-0: Foul Ball, location: 2F 0-1: Ball 1-1: Foul Ball, location: 2F 1-2: Ball 2-2: Ball 3-2: SINGLE (Groundball, 5S, EV 66.2 MPH) (infield hit) Andres Aldape to second
|
Batting: LHB Tamaichi Sasada
|
0-0: Foul Ball, location: 2F 0-1: Foul Ball, location: 2F 0-2: TRIPLE (Line Drive, 89XD, EV 105.0 MPH) Andres Aldape scores Chris Trites scores
|
Batting: LHB Cesar Arteaga
|
0-0: Ball 1-0: Called Strike 1-1: Called Strike 1-2: Ball 2-2: Ball Passed Ball! Tamaichi Sasada scores 3-2: SINGLE (Line Drive, 4MD, EV 97.5 MPH)
|
Pitching: LHP Jose Gutierres
|
|
Batting: LHB Ricardo Sandoval
|
0-0: Ball 1-0: Ball 2-0: Called Strike 2-1: Foul Ball, location: 2F 2-2: Ball Cesar Arteaga is caught stealing 2nd base 2-6
|
Top of the 9th over - 4 runs, 4 hits, 0 errors, 0 left on base; Rome 10 - Eugene 2 |
BOTTOM OF THE 9TH |
Eugene Emeralds batting - Pitching for Rome Braves : RHP Wami Benthami
|
Batting: RHB Jorge Lagunas
|
0-0: Called Strike 0-1: Called Strike 0-2: Ball 1-2: Strikes out swinging
|
Batting: RHB Dave de Wolff
|
0-0: Ball 1-0: Swinging Strike 1-1: Swinging Strike 1-2: Ball 2-2: Foul Ball, location: 2F 2-2: Foul Ball, location: 2F 2-2: Strikes out swinging
|
Pinch Hitting: LHB Emir Jalil
|
0-0: Called Strike 0-1: Swinging Strike 0-2: Ball 1-2: Strikes out swinging
|
Bottom of the 9th over - 0 runs, 0 hits, 0 errors, 0 left on base; Rome 10 - Eugene 2 |
|